 Dungeon Crawl Stone Soup version 0.18-a0-1060-g4fac74f (webtiles) character file.

751 gorblad the Skirmisher (level 7, -1/57 HPs)
             Began as a Mummy Fighter on Jan 13, 2016.
             Slain by Duvessa
             ... wielding a +0 short sword of venom
              (3 damage)
             ... on level 4 of the Dungeon.
             The game lasted 00:06:18 (2929 turns).

gorblad the Skirmisher (Mummy Fighter)              Turns: 2929, Time: 00:06:19

Health: -1/57      AC:  9    Str: 22    XL:     7   Next: 49%
Magic:  7/7        EV:  7    Int:  7    God:
Gold:   225        SH:  9    Dex: 11    Spells: 0 memorised, 6 levels left

rFire  x . .     SeeInvis .     a - +1 trident
rCold  + . .     Gourm    .     b - +0 scale mail
rNeg   + + +     Faith    .     c - +0 shield
rPois  ∞         Spirit   .     i - +2 helmet
rElec  .         Dismiss  .     (no cloak)
rCorr  .         Reflect  .     (no gloves)
SustAt .         Harm     .     (no boots)
MR     .....                    (no amulet)
Stlth  ..........               (no ring)
                                (no ring)

@: not resistant to hostile enchantments, extremely unstealthy
A: no food or potions, fire vulnerability, cold resistance 1, negative energy
resistance 3, torment resistance, unbreathing
a: no special abilities


You were on level 4 of the Dungeon.
You were not hungry.

You visited 1 branch of the dungeon, and saw 4 of its levels.

You collected 225 gold pieces.

Inventory:

Hand Weapons
 a - a +1 trident (weapon)
Armour
 b - a +0 scale mail (worn)
 c - a +0 shield (worn)
 d - a +0 helmet
 i - a +2 helmet (worn)
Scrolls
 e - a scroll of identify
 f - 2 scrolls of remove curse
 g - 5 scrolls of teleportation


   Skills:
 + Level 5.8 Fighting
 * Level 5.7 Polearms
 - Level 2.4 Armour
 - Level 2.5 Shields


You had 6 spell levels left.
You didn't know any spells.

Dungeon Overview and Level Annotations

Branches:
Dungeon (4/15)
 Temple: D:4-7

Altars:
Cheibriados
Fedhas
Nemelex Xobeh
Okawaru
Qazlal
Ru
Vehumet
Yredelemnul
Zin

Annotations:
D:4 Duvessa


Innate Abilities, Weirdness & Mutations

You do not eat or drink.
Your flesh is vulnerable to fire.
You are immune to poison.
Your flesh is cold resistant.
You are immune to negative energy.
You are immune to unholy pain and torment.
You can survive without breathing.


Message History

Duvessa is moderately wounded.
You block Duvessa's attack.
You barely miss Duvessa.
Duvessa is moderately wounded.
Duvessa hits you with a short sword of venom!
* * * LOW HITPOINT WARNING * * *
You block Duvessa's attack.
You hit Duvessa.
Duvessa is moderately wounded.
Duvessa hits you with a short sword of venom.
* * * LOW HITPOINT WARNING * * *
You hit Duvessa.
Duvessa is heavily wounded.
Duvessa is no longer berserk.
You block Duvessa's attack.
Duvessa hits you with a short sword of venom.
* * * LOW HITPOINT WARNING * * *
You puncture Duvessa!
Duvessa is heavily wounded.
Duvessa hits you with a short sword of venom.
You die...

#......##.....##...#..
#.......#.....#....#..
#.......+.....#....#..
#......##.....#....#..
#>...†.##.....#....#..
#.......#.....#.....##
#.......).....####..#
#......##.....#.....#
#....@.##.....#.....#
#....e.##.....#.....#
#......#......'.....#
#......#......#.....#
#......##.....#.....#
#......##.....#.....#
#.......'.....'.....#
#.......#.....#.....#
..#.....#.....#


You could see Duvessa.

Vanquished Creatures
  The ghost of namelastname112 the Sneak, an amateur DrWz (D:4)
  A black bear (D:3)
  Dowan (D:4)
  A hound (D:4)
  2 orc wizards (D:4)
  An iguana (D:4)
  A worker ant (D:4)
  A hound skeleton (D:4)
  7 gnolls
  12 adders
  An adder skeleton (D:4)
  3 worms
  4 giant geckos
  7 orcs
  5 bats
  8 giant cockroaches
  6 goblins
  3 hobgoblins
  A giant gecko skeleton (D:3)
  3 giant newts
  3 kobolds
  10 rats
82 creatures vanquished.

Notes
Turn   | Place    | Note
--------------------------------------------------------------
     0 | D:1      | gorblad the Mummy Fighter began the quest for the Orb.
     0 | D:1      | Reached XP level 1. HP: 18/18 MP: 1/1
   131 | D:1      | Reached XP level 2. HP: 16/24 MP: 2/2
   710 | D:2      | Found a blossoming altar of Fedhas.
   718 | D:2      | Found a glowing silver altar of Zin.
   719 | D:2      | Found a snail-covered altar of Cheibriados.
   719 | D:2      | Found a sparkling altar of Nemelex Xobeh.
   719 | D:2      | Found a stormy altar of Qazlal.
   723 | D:2      | Found a basalt altar of Yredelemnul.
   790 | D:2      | Reached XP level 3. HP: 25/30 MP: 3/3
   999 | D:2      | Reached skill level 4 in Fighting
   999 | D:2      | Reached XP level 4. HP: 27/37 MP: 4/4
  1296 | D:3      | Found a sacrificial altar of Ru.
  1374 | D:3      | Reached XP level 5. HP: 35/42 MP: 5/5
  1383 | D:3      | Noticed a black bear
  1393 | D:3      | Killed a black bear
  1728 | D:3      | Reached XP level 6. HP: 47/49 MP: 6/6
  1875 | D:3      | Found a radiant altar of Vehumet.
  2014 | D:3      | Found an iron altar of Okawaru.
  2339 | D:4      | Noticed namelastname112's ghost (amateur DrWz)
  2365 | D:4      | Killed namelastname112's ghost
  2365 | D:4      | Reached skill level 5 in Fighting
  2365 | D:4      | Reached skill level 5 in Polearms
  2365 | D:4      | Reached XP level 7. HP: 32/56 MP: 7/7
  2858 | D:4      | Noticed Dowan
  2911 | D:4      | Killed Dowan
  2912 | D:4      | Noticed Duvessa
  2928 | D:4      | HP: 2/57 [Duvessa/short sword of venom (1)]
  2929 | D:4      | Slain by Duvessa

Vault maps used:
D:1:      denvon_arrival_planthouse
D:2:      minitemple
D:3:      lemuel_crystal_altar, lemuel_coloured_pillars_altar,
          nicolae_ru_sacrificial_ziggurat
D:4:      first_bread, uniq_duvessa

Action                   |  1- 3 |  4- 6 |  7- 9 || total
-------------------------+-------+-------+-------++-------
Melee: Trident           |   137 |   183 |   117 ||   437
  Use: Scroll            |     4 |       |       ||     4
